AoeStats
← Irri

Oasis

509313247Analyzed
4v4 RM · 7d ago on Sep 26, 2026· 84m 56s· 8 players
Game mode
Random Map
Map size
Large (8 player)
Population
200
Speed
Normal
Resources
Standard
Victory
Conquest
Starting age
Dark Age
Ending age
Imperial Age
RankedLock teamsTeams togetherTeam positionsShared explorationLock speedFull tech treeHidden civsTurbo modeCheats
Victory
Defeat
🇦🇺 Italians · Australia
1026
+16
🇵🇱 Franks · Poland
1021
+16
🇦🇺 Cumans · Australia
976
+18
🇵🇱 Franks · Poland
958
+18
🇩🇪 Chinese · Germany
1040
-17
🇨🇳 Khmer · China
1011
-17
🇨🇳 Huns · China
1007
-17
🇨🇳 Franks · China
1007
-17
Not Dwight Kurt Schrute III
11:12 Feudal Age
13:08 Double-Bit Axe
14:20 Loom
21:53 Castle Age
19:40 Town Watch
21:55 Gold Mining
22:17 Padded Archer Armor
22:08 Fletching
24:03 Wheelbarrow
23:29 Town Patrol
23:58 Horse Collar
25:54 Caravan
26:11 Heavy Plow
27:08 Bow Saw
27:30 Leather Archer Armor
27:10 Bodkin Arrow
28:23 Thumb Ring
29:37 Gold Shaft Mining
29:36 Hand Cart
34:01 Imperial Age
32:28 Bodkin Arrow
32:44 Forging
32:39 Scale Barding Armor
34:38 Iron Casting
35:07 Steppe Husbandry
34:32 Heavy Cavalry Archer
35:38 Parthian Tactics
35:55 Chain Barding Armor
36:05 Ring Archer Armor
37:00 Two-Man Saw
36:32 Crop Rotation
38:31 Bloodlines
39:30 Chemistry
38:59 Ballistics
38:36 Murder Holes
40:35 Cavalier
47:04 Paladin
47:12 Elite Steppe Lancer
50:42 Blast Furnace
50:18 Plate Barding Armor
49:45 Scale Mail Armor
49:31 Pikeman
50:12 Squires
49:57 Arson
50:14 Halberdier
53:37 Chain Mail Armor
55:33 Plate Mail Armor
65:54 Paladin
mateusz.czeczot2
11:37 Feudal Age
12:19 Double-Bit Axe
18:11 Castle Age
21:54 Bow Saw
21:40 Gold Mining
24:51 Gold Shaft Mining
31:17 Imperial Age
29:35 Forging
29:30 Scale Barding Armor
31:36 Iron Casting
31:21 Chain Barding Armor
31:19 Husbandry
31:22 Cavalier
32:26 Conscription
33:29 Blast Furnace
32:39 Paladin
35:07 Plate Barding Armor
36:24 Caravan
42:57 Pikeman
44:21 Squires
44:23 Scale Mail Armor
48:21 Chain Mail Armor
47:30 Halberdier
mateuszes
2:19 Loom
3:11 Loom
13:26 Feudal Age
18:45 Gold Mining
21:29 Castle Age
20:42 Double-Bit Axe
23:47 Gold Shaft Mining
25:28 Fletching
27:20 Wheelbarrow
28:40 Fortified Wall
29:24 Bow Saw
30:44 Forging
32:47 Caravan
33:15 Husbandry
36:41 Imperial Age
33:50 Pikeman
35:51 Scale Mail Armor
37:04 Ballistics
36:09 Light Cavalry
36:57 Scale Barding Armor
36:50 Cavalier
39:17 Chain Barding Armor
39:33 Iron Casting
39:25 Hand Cart
39:14 Town Watch
39:42 Masonry
40:13 Halberdier
41:02 Squires
41:19 Squires
42:04 Paladin
45:20 Blast Furnace
44:36 Chain Mail Armor
44:57 Plate Barding Armor
46:35 Conscription
47:09 Plate Barding Armor
63:06 Plate Mail Armor
62:32 Bodkin Arrow
63:40 Town Patrol
72:49 Padded Archer Armor
75:04 Onager
82:55 Chemistry
82:10 Siege Engineers
84:26 Leather Archer Armor
Irri
7:06 Loom
12:34 Feudal Age
18:56 Castle Age
17:28 Double-Bit Axe
17:26 Horse Collar
20:44 Bow Saw
26:09 Wheelbarrow
26:14 Crossbowman
27:01 Stone Mining
29:59 Hand Cart
30:39 Gold Mining
33:12 Stone Shaft Mining
32:41 Heavy Plow
35:42 Imperial Age
33:25 Padded Archer Armor
33:15 Fletching
34:29 Caravan
34:40 Bodkin Arrow
35:43 Silk Road
36:49 Conscription
37:00 Forging
36:50 Bracer
36:36 Elite Genoese Crossbowman
37:20 Pikeman
39:14 Ballistics
41:41 Iron Casting
41:22 Leather Archer Armor
45:31 Onager
48:51 Blast Furnace
48:41 Crop Rotation
50:36 Scale Mail Armor
52:32 Chain Mail Armor
52:48 Ring Archer Armor
56:36 Chemistry
66:29 Plate Mail Armor
66:05 Scale Barding Armor
Apollo
0:28 Loom
11:48 Feudal Age
17:11 Castle Age
16:04 Horse Collar
16:21 Double-Bit Axe
18:08 Heavy Plow
22:07 Bow Saw
23:43 Town Watch
25:17 Gold Mining
27:10 Wheelbarrow
27:36 Fletching
27:09 Crossbowman
27:33 Pikeman
28:14 Squires
28:50 Stone Mining
32:31 Imperial Age
30:16 Squires
30:34 Bodkin Arrow
30:40 Scale Mail Armor
30:58 Elite Skirmisher
31:14 Pikeman
32:10 Forging
32:02 Padded Archer Armor
32:24 Chain Mail Armor
33:15 Fortified Wall
33:41 Conscription
34:11 Ballistics
34:30 Bracer
35:04 Plate Mail Armor
34:51 Leather Archer Armor
35:11 Iron Casting
34:47 Arbalester
35:39 Thumb Ring
36:32 Halberdier
39:02 Two-Man Saw
39:45 Chemistry
41:36 Hand Cart
41:28 Great Wall
44:10 Bombard Tower
44:35 Ring Archer Armor
46:51 Blast Furnace
46:17 Arson
70:12 Fishing Lines
73:18 Gillnets
泰达津布曲
15:35 Feudal Age
16:07 Double-Bit Axe
16:30 Horse Collar
22:57 Castle Age
21:03 Scale Mail Armor
21:11 Scale Barding Armor
21:17 Forging
22:32 Bloodlines
23:47 Husbandry
24:23 Iron Casting
25:03 Bow Saw
24:55 Heavy Plow
25:30 Loom
29:12 Chain Barding Armor
31:02 Masonry
34:54 Imperial Age
32:46 Gold Mining
34:57 Wheelbarrow
34:43 Town Watch
34:59 Cavalier
36:40 Blast Furnace
37:06 Plate Barding Armor
37:05 Paladin
40:05 Gold Shaft Mining
46:03 Light Cavalry
61:03 Atheism
67:52 Hussar
71:50 Fletching
闲挂月
11:22 Feudal Age
13:34 Wheelbarrow
13:20 Double-Bit Axe
16:10 Castle Age
14:22 Horse Collar
15:16 Stone Mining
19:33 Bow Saw
22:46 Heavy Plow
23:49 Hand Cart
25:20 Gold Mining
27:54 Caravan
31:14 Imperial Age
29:51 Gold Shaft Mining
29:53 Stone Shaft Mining
30:54 Forging
30:50 Scale Barding Armor
32:14 Double Crossbow
31:36 Elite Ballista Elephant
33:50 Chemistry
33:11 Ballistics
33:16 Conscription
33:49 Crop Rotation
35:06 Iron Casting
34:51 Chain Barding Armor
37:05 Blast Furnace
36:13 Siege Engineers
38:23 Plate Barding Armor
41:35 Husbandry
41:46 Bloodlines
40:58 Light Cavalry
42:38 Loom
47:53 Hussar
66:05 Fishing Lines
68:40 Fishing Lines
70:59 Gillnets
72:01 Coinage
秋绥冬禧
12:08 Feudal Age
12:44 Double-Bit Axe
18:17 Stone Mining
18:20 Gold Mining
21:01 Castle Age
21:03 Scale Barding Armor
21:09 Forging
22:08 Bow Saw
22:38 Gold Shaft Mining
23:01 Chain Barding Armor
23:17 Iron Casting
23:41 Husbandry
32:16 Imperial Age
33:41 Wheelbarrow
32:55 Loom
32:56 Town Watch
34:12 Plate Barding Armor
34:39 Blast Furnace
34:02 Conscription
33:08 Cavalier
35:15 Hand Cart
35:50 Paladin
38:34 Town Patrol
73:44 Pikeman
74:27 Squires
78:44 Light Cavalry
Connection lost

Rejoining the realm…

Still unreachable

The connection could not be restored.

Session expired

The server has moved on; the page needs a fresh start.